Unix NetHack Version 3.7.0-97 Work-in-progress - last build Jan 28 2024 04:41:54 (eae211b052f4c4d875b52ed558e44d2f93f0896c,branch:master). Game began 2024-01-31 13:20:45, ended 2024-01-31 13:53:51. mmj, chaotic female elven Wizard --- --.--- ---- --- -- ----- |....| --..-- ---- |..--.----...-- --...---....| ------..| ---......|......| --.........- |..||...---- |............... ---- -----|..)......-- --..--......-- ---- ........-... ... --...||.........----............| |..| .........---..- |....----........--...........*-- |..| -.).........- |.......|..).<(....--......--...---..---- -........- ------ -------%....[..........*..--|.........^.--- |.)..a..-|--- |..|.-- |..|.....------------..-- |....---......--------.-......--.---.....-- ------.......-- --.|---....| ----................)..a...........--- |..--.....---- -.||.....-- |..........-------..a@...........>| ---.......).--------- .||.....| ------------ |.........f......| |..........|........| .|--.---- --................-- |..........|.-----.-- --- -- |..................| --...........| --- --.................-- --....-------- |..................| |....-- --.|........---..--- |..--- ----..--.--- ..| ---- ------- --- Mmj the Thaumaturge St:13 Dx:13 Co:15 In:17 Wi:14 Ch:9 Chaotic Dlvl:5 $:493 HP:0(42) Pw:74(74) AC:6 Xp:7/816 T:5445 Burdened Latest messages: The gnome misses! You kill the gnome! The large cat eats a gnome corpse. You swap places with your large cat. The gnome hits! You kill the gnome! There is a gnome corpse here; eat it? [ynq] (n) y This gnome corpse tastes okay. You finish eating the gnome corpse. A gush of water hits you! The hill orc removes a yellowish brown gem from a large box. The gnome hurls a potion called acid?! The jar crashes on your head and breaks into shards. The potion called acid? evaporates. This burns! You miss the hill orc. The hill orc throws a crude dagger! The crude dagger hits the hill orc. The hill orc wields a crude dagger! The gnome swings her bow. The gnome hits! The large cat bites the hill orc. The hill orc thrusts her crude dagger at the large cat. The hill orc misses the large cat. The hill orc picks up a crude dagger. The large cat bites the hill orc. The large cat misses the hill orc. The large cat bites the hill orc. The hill orc is killed! The large cat bites the hill orc. The hill orc thrusts her crude dagger at the large cat. The hill orc hits the large cat. The hill orc picks up an iron skull cap. The large cat bites the hill orc. The hill orc is killed! The large cat bites the gnome. The gnome is killed! The large cat picks up a bow. The large cat drops a bow. You swap places with your large cat. You see here a scroll labeled VELOX NEB. You have a little trouble lifting H - a scroll labeled VELOX NEB. The soldier ant bites! The soldier ant stings! You hit the soldier ant! The soldier ant bites! The soldier ant stings! The soldier ant bites! You die... Do you want your possessions identified? [ynq] (y) q Inventory: Coins $ - 493 gold pieces Weapons a - a blessed +1 quarterstaff (weapon in hands) Armor P - a cursed -2 pair of speed boots (being worn) b - a blessed +0 cloak of magic resistance (being worn) M - a blessed +4 Hawaiian shirt with a plumeria motif (being worn) Comestibles z - 3 uncursed food rations y - a cursed food ration C - an uncursed lembas wafer L - 2 uncursed tripe rations Scrolls F - an uncursed scroll of create monster v - an uncursed scroll of enchant weapon H - an uncursed scroll of light u - an uncursed scroll of magic mapping A - a cursed scroll of punishment Potions V - a cursed potion of healing D - a cursed potion of invisibility B - a blessed potion of see invisible Rings d - an uncursed +1 ring of gain strength e - a blessed +3 ring of increase damage (on right hand) Wands Q - a wand of digging (0:7) E - a wand of light (0:14) r - a wand of make invisible (0:0) x - a wand of polymorph (0:4) q - a wand of striking (0:1) Tools w - an uncursed sack containing 18 items o - an uncursed bugle G - an uncursed blindfold W - a magic marker (0:92) n - a magic marker (0:22) s - an uncursed magic whistle m - an uncursed skeleton key Contents of the sack: an uncursed scroll of gold detection a blessed scroll of teleportation an uncursed scroll of taming an uncursed scroll of create monster an uncursed scroll of destroy armor an uncursed scroll of earth a blessed spellbook of force bolt an uncursed spellbook of jumping an uncursed spellbook of magic missile an uncursed spellbook of magic missile an uncursed potion of gain ability 2 uncursed potions of confusion a cursed potion of oil an uncursed potion of hallucination an uncursed potion of gain energy an uncursed potion of object detection a blessed potion of sickness an uncursed potion of sickness Mmj the Wizard's attributes: Background: You were a Thaumaturge, a level 7 female elven Wizard. You were chaotic, on a mission for Anhur who was opposed by Ptah (lawful) and Thoth (neutral). You were right-handed. You were in the Gnomish Mines, on level 5. You entered the dungeon 5445 turns ago. You had 816 experience points, 464 more were needed to attain level 8. Basics: You had 0 out of 42 hit points. You had all 74 energy points (spell power). Your armor class was 6. Your wallet contained 493 zorkmids. Autopickup was on for '$' plus thrown. Final Characteristics: Your strength was 13 (limit:18). Your dexterity was 13 (peak:14, limit:18). Your constitution was 15 (limit:16). Your intelligence was 17 (limit:20). Your wisdom was 14 (limit:20). Your charisma was 9 (limit:18). Final Status: You weren't hungry. You were burdened; movement was slightly slowed. You were wielding a quarterstaff. You had basic skill with quarterstaff and could have enhanced that. Final Attributes: You were piously aligned. You were magic-protected. You were sleep resistant. You were poison resistant. You were telepathic. You had infravision. You had a small damage bonus (+3). You were warded. You were very fast. You are dead. Miscellaneous: You never encountered a bones level. Total elapsed playing time was 33 minutes and 5 seconds. Major events: Turn 1: mmj the chaotic female elven Wizard entered the dungeon 1038: attained the rank of Conjurer (level 3) 1290: entered the Gnomish Mines 3089: entered Sokoban 3614: attained the rank of Thaumaturge (level 6) 5445: killed by a soldier ant Vanquished creatures: a small mimic a leprechaun a lizard a human zombie a rock piercer a rock mole a pony 2 shriekers a violet fungus 4 gnome leaders a gray ooze 3 elf zombies 3 giant ants 2 floating eyes 3 dwarves a homunculus a kobold leader 5 hill orcs 3 rothes a centipede a monkey 8 orc zombies 6 dwarf zombies a wererat a werejackal 2 iguanas 2 acid blobs 2 hobbits a large kobold a hobgoblin 4 giant rats 7 cave spiders a brown mold 20 gnomes a garter snake 5 gnome zombies 7 geckos 8 jackals 3 foxes a kobold 4 goblins 4 sewer rats 4 grid bugs 7 lichens 4 kobold zombies 10 newts 152 creatures vanquished. No species were genocided or became extinct. Voluntary challenges: You read items or engraved 15 times. You engraved Elbereth 4 times. You never genocided any monsters. You never polymorphed an object. You never changed form. You used no wishes. You did not violate any of the special Sokoban rules. Achievements: You attained the rank of Conjurer. You entered the Gnomish Mines. You entered a shop. You entered Sokoban. You attained the rank of Thaumaturge. The Dungeons of Doom: levels 1 to 6 Level 1: A fountain. Level 2: A fountain. Level 3: Stairs down to The Gnomish Mines. Level 4: A sink. Level 5: Many fountains. Level 6: Many altars, a sink. Stairs up to Sokoban, level 5. The Gnomish Mines: levels 4 to 5 Level 4: Level 5: <- You were here. Final resting place for you, killed by a soldier ant. Sokoban: Level 5: Unsolved. Game over: ---------- / \ / REST \ / IN \ / PEACE \ / \ | mmj | | 493 Au | | killed by a | | soldier ant | | | | | | 2024 | *| * * * | * _________)/\\_//(\/(/\)/\//\/|_)_______ Goodbye mmj the Wizard... You died in The Gnomish Mines on dungeon level 5 with 3978 points, and 493 pieces of gold, after 5445 moves. You were level 7 with a maximum of 42 hit points when you died.